 Dungeon Crawl Stone Soup version 0.17.1-1-g73c8601 (webtiles) character file.

17283 MirrMurr the Jinx (level 12, -3/51 HPs)
             Began as a Spriggan Enchanter on Dec 22, 2015.
             Was a Believer of Ashenzari.
             Slain by a blink frog (13 damage)
             ... on level 2 of the Lair of Beasts.
             The game lasted 00:28:47 (12548 turns).

MirrMurr the Jinx (Spriggan Enchanter)             Turns: 12548, Time: 00:28:48

Health: -3/51      AC:  6    Str:  4    XL:     12   Next: 17%
Magic:  24/30      EV: 19    Int: 21    God:    Ashenzari [**....]
Gold:   934        SH:  0    Dex: 22    Spells: 4 memorised, 26 levels left

rFire  . . .     SeeInvis +     a - +2 dagger (elec)
rCold  + . .     Clarity  .     e - +1 robe
rNeg   + . .     SustAt   .     (shield restricted)
rPois  +         Gourm    .     H - +0 hat
rElec  .         Spirit   .     x - +2 cloak (curse)
rCorr  .         Warding  .     (gloves unavailable)
rMut   .         Stasis   .     (boots unavailable)
MR     ++...                    J - amulet of regeneration
Stlth  ++++++....               v - ring of poison resistance (curse)
                                B - ring of Kicwicodd {rN+ Dex+5} (curse)

@: very quick, very resistant to hostile enchantments, very stealthy
A: unfitting armour, see invisible, cold resistance 1, herbivore 3, speed 3,
sense surroundings 1, slow metabolism 2
a: Scrying, Renounce Religion


You were on level 2 of the Lair of Beasts.
You worshipped Ashenzari.
Ashenzari was pleased with you.
You were not hungry.

You visited 3 branches of the dungeon, and saw 13 of its levels.

You collected 934 gold pieces.

Inventory:

Hand Weapons
 a - a +2 dagger of electrocution (weapon)
 z - a +2 rapier of protection
Missiles
 h - 298 stones
 j - 40 poisoned needles
 p - 7 tomahawks (quivered)
Armour
 e - a +1 robe (worn)
 x - a cursed +2 cloak (worn)
 H - a +0 hat (worn)
 M - a steam dragon hide
Jewellery
 v - a cursed ring of poison resistance (right hand)
 B - the cursed ring of Kicwicodd (left hand) {rN+ Dex+5}
   (You found it on level 5 of the Dungeon)

   [ring of dexterity]

   It affects your dexterity (+5).
   It protects you from negative energy.
   It has a curse placed upon it.
 J - an amulet of regeneration (around neck)
Wands
 m - a wand of invisibility (3)
 E - a wand of frost (25)
 L - a wand of paralysis (8)
Scrolls
 f - a scroll of enchant armour
 i - a scroll of identify
 o - 5 scrolls of teleportation
 t - a scroll of remove curse
 u - 3 scrolls of enchant weapon
 y - a scroll of fog
 I - a scroll of blinking
Potions
 b - 3 potions of agility
 k - 4 potions of curing
 l - 5 potions of flight
 q - 3 potions of heal wounds
 w - 2 potions of haste
 A - 2 potions of magic
 D - 2 potions of brilliance
 K - 2 potions of cancellation
 P - a potion of might
Books
 r - a book of Flames

   Spells                             Type                      Level
   a - Flame Tongue                   Conjuration/Fire             1
   b - Throw Flame                    Conjuration/Fire             2
   c - Conjure Flame                  Conjuration/Fire             3
   d - Inner Flame                    Hexes/Fire                   3
   e - Sticky Flame                   Conjuration/Fire             4
   f - Fireball                       Conjuration/Fire             5
 s - a book of Beasts

   Spells                             Type                      Level
   a - Summon Butterflies             Summoning                    1
   b - Call Canine Familiar           Summoning                    3
   c - Summon Ice Beast               Ice/Summoning                4
   d - Summon Mana Viper              Hexes/Summoning              5
   e - Summon Hydra                   Summoning                    7
 N - a book of Alchemy

   Spells                             Type                      Level
   a - Sublimation of Blood           Necromancy                   2
   b - Ignite Poison                  Fire/Transmutation/Poison    3
   c - Alistair's Intoxication        Transmutation/Poison         4
   d - Condensation Shield            Ice                          4
   e - Petrify                        Transmutation/Earth          4
   f - Irradiate                      Conjuration/Transmutation    5
Comestibles
 d - 7 bread rations
 g - 14 royal jellies
 n - 6 slices of pizza
 C - 15 fruits


   Skills:
 * Level 9.3 Short Blades
 - Level 3.0 Dodging
 - Level 12.4 Stealth
 - Level 13.1 Spellcasting
 + Level 1.3(2.3) Conjurations
 - Level 14.1(15.2) Hexes
 + Level 0.0(0.1) Fire Magic
 + Level 1.7(2.8) Ice Magic


You had 26 spell levels left.
You knew the following spells:

 Your Spells              Type           Power        Failure   Level  Hunger
a - Ensorcelled Hibernat  Hex/Ice        ######       1%          2    None
b - Confuse               Hex            ######..     1%          3    None
c - Conjure Flame         Conj/Fire      ###.....     10%         3    None
d - Dazzling Spray        Conj/Hex       ######..     1%          3    None


Dungeon Overview and Level Annotations

Branches:
Dungeon (10/15)            Temple (1/1) D:6            Lair (2/8) D:10
    Orc (0/4) D:10

Altars:
Ashenzari
Cheibriados
Dithmenos
Elyvilon
Fedhas
Gozag
Kikubaaqudgha
Makhleb
Nemelex Xobeh
Okawaru
Qazlal
Ru
Sif Muna
Trog
Vehumet
Xom
Yredelemnul
Zin
The Shining One

Shops:
D:5 **


Innate Abilities, Weirdness & Mutations

You are tiny and cannot use many weapons and most armour.
You have supernaturally acute eyesight.
You are a herbivore.
You cover ground extremely quickly.
You need consume almost no food.
Your flesh is cold resistant.
You passively map a small area around you.


Message History

Confirm with . or Enter, or press ? or * to list all spells.
Aiming: Ensorcelled Hibernation
Press: ? - help, Shift-Dir - straight line, p - blink frog Nothing appears to happen.
The blink frog hits you!
You miss the blink frog.
The blink frog is moderately wounded.
The blink frog hits you!
* * * LOW HITPOINT WARNING * * *
Casting: Ensorcelled Hibernation
Confirm with . or Enter, or press ? or * to list all spells.
Aiming: Ensorcelled Hibernation
Press: ? - help, Shift-Dir - straight line, f - blink frog
Aim: a blink frog (moderately wounded, chance to defeat MR: 55%)
The blink frog is unaffected.
The blink frog misses you.
You are too injured to fight recklessly!
The blink frog blinks!
The blink frog closely misses you.
The blink frog blinks!
The blink frog completely misses you. The blink frog hits you!
You die...

** * *,,... ########## ......
#........##### .......
##.....@......## #......
#.....F...F..#.# #.<.F..
##......>..#.F.##P......
#PP.#.######....+...... ###....#
#...#........
#P..###########..#+##. ### ####
#..###..##### #....#* ###.###P.#
#...........###+P..###
.........###...........#.........


You could see 3 blink frogs.

Vanquished Creatures
  Gastronok (D:8)
  Maud (D:10)
  A fire dragon (Lair:1)
  2 hydras
  An unseen horror (D:10)
  A spiny frog (Lair:2)
  A black mamba (Lair:1)
  3 komodo dragons
  A troll (D:9)
  A two-headed ogre (D:10)
  6 blink frogs
  A queen bee (Lair:2)
  11 yaks
  5 basilisks
  3 hippogriffs
  The ghost of xash the Shield-Bearer, an amateur FoFi (D:4)
  A steam dragon (D:9)
  4 porcupines
  3 sky beasts
  2 black bears (D:9)
  3 phantoms
  2 orc warriors
  2 ice beasts
  3 necrophages
  4 ogres
  3 crocodiles
  A centaur (D:8)
  4 big kobolds
  4 giant frogs
  29 killer bees
  3 scorpions
  A centaur skeleton (D:9)
  2 giant frog zombies
  2 centaur zombies
  5 crimson imps
  5 hounds
  A jelly (D:5)
  3 orc priests
  4 orc wizards
  Natasha (thrice) (D:2)
  5 iguanas
  5 worker ants
  2 sheep (D:9)
  A hound zombie (D:5)
  12 adders
  22 river rats
  3 shadow imps
  2 oozes
  6 worms
  3 giant geckos
  13 orcs
  6 bats
  5 giant cockroaches
  4 goblins
  5 hobgoblins
  5 quokkas
  A ball python (D:2)
  2 giant gecko skeletons
  3 giant newts
  4 jackals (D:2)
  6 kobolds
  A quokka zombie (D:8)
  10 rats
260 creatures vanquished.

Vanquished Creatures (others)
  2 plants (Lair:1)
2 creatures vanquished.

Grand Total: 262 creatures vanquished

Notes
Turn   | Place    | Note
--------------------------------------------------------------
     0 | D:1      | MirrMurr the Spriggan Enchanter began the quest for the Orb.
     0 | D:1      | Reached XP level 1. HP: 9/9 MP: 5/5
    80 | D:1      | Reached skill level 5 in Stealth
   226 | D:1      | Reached XP level 2. HP: 13/13 MP: 6/6
   230 | D:1      | Learned a level 2 spell: Ensorcelled Hibernation
  1311 | D:2      | Reached skill level 6 in Stealth
  1761 | D:2      | Reached XP level 3. HP: 16/16 MP: 2/8
  1766 | D:2      | Learned a level 3 spell: Confuse
  1896 | D:2      | Noticed Natasha
  1902 | D:2      | Killed Natasha
  1902 | D:2      | Reached skill level 7 in Stealth
  1946 | D:2      | Noticed Natasha
  1956 | D:2      | Killed Natasha
  1956 | D:2      | Reached XP level 4. HP: 9/21 MP: 4/9
  2640 | D:2      | Noticed Natasha
  2662 | D:2      | Killed Natasha
  3371 | D:4      | Reached skill level 8 in Stealth
  3433 | D:4      | Reached XP level 5. HP: 24/24 MP: 8/11
  3438 | D:4      | Learned a level 3 spell: Dazzling Spray
  3564 | D:4      | Noticed a phantom
  3601 | D:4      | Killed a phantom
  3601 | D:4      | Reached skill level 9 in Stealth
  3601 | D:4      | Reached XP level 6. HP: 12/28 MP: 4/13
  3790 | D:4      | Noticed xash's ghost (amateur FoFi)
  3810 | D:4      | Killed xash's ghost
  3810 | D:4      | Reached skill level 10 in Stealth
  3810 | D:4      | Reached skill level 5 in Spellcasting
  4107 | D:4      | Noticed an ogre
  4114 | D:4      | Killed an ogre
  4114 | D:4      | Reached XP level 7. HP: 20/32 MP: 6/16
  4601 | D:5      | Entered Level 5 of the Dungeon
  4613 | D:5      | Found Byafarch's Assorted Antiques.
  4646 | D:5      | Got a vibrating glass ring
  4808 | D:5      | Reached skill level 11 in Stealth
  4941 | D:5      | Reached skill level 12 in Stealth
  5024 | D:5      | Found Qetamiy's Assorted Antiques.
  5037 | D:5      | Reached XP level 8. HP: 22/36 MP: 11/19
  5731 | D:6      | Reached skill level 5 in Hexes
  5761 | D:6      | Found a staircase to the Ecumenical Temple.
  5766 | Temple   | Entered the Ecumenical Temple
  5809 | Temple   | Identified the ring of Kicwicodd {rN+ Dex+5} (You found it on level 5 of the Dungeon)
  5809 | Temple   | Became a worshipper of Ashenzari the Shackled
  7364 | D:7      | Found a glowing golden altar of the Shining One.
  7380 | D:7      | Reached XP level 9. HP: 39/39 MP: 4/22
  7423 | D:7      | Found a stormy altar of Qazlal.
  7781 | D:8      | Noticed Gastronok
  7844 | D:8      | Killed Gastronok
  8076 | D:8      | Reached skill level 10 in Spellcasting
  8076 | D:8      | Reached XP level 10. HP: 42/44 MP: 23/25
  8705 | D:9      | Reached * piety under Ashenzari
  8870 | D:9      | Noticed a three-headed hydra
  8874 | D:9      | Killed a three-headed hydra
  8937 | D:9      | Found an iron altar of Okawaru.
  8940 | D:9      | Found a burning altar of Makhleb.
  8947 | D:9      | Reached skill level 13 in Hexes
  8948 | D:9      | Found a snail-covered altar of Cheibriados.
  8968 | D:9      | Found a shadowy altar of Dithmenos.
  8972 | D:9      | Found a radiant altar of Vehumet.
  9371 | D:10     | Entered Level 10 of the Dungeon
  9437 | D:10     | Noticed Maud
  9453 | D:10     | Killed Maud
  9453 | D:10     | Reached skill level 14 in Hexes
  9453 | D:10     | Reached XP level 11. HP: 36/47 MP: 18/27
  9553 | D:10     | Found a staircase to the Lair.
  9707 | D:10     | Found a staircase to the Orcish Mines.
  9996 | D:10     | Noticed an unseen horror
 10003 | D:10     | Killed an unseen horror
 10789 | Lair:1   | Entered Level 1 of the Lair of Beasts
 10795 | Lair:1   | Reached skill level 5 in Short Blades
 11091 | Lair:1   | Reached ** piety under Ashenzari
 11291 | Lair:1   | Noticed a five-headed hydra
 11293 | Lair:1   | Noticed a fire dragon
 11321 | Lair:1   | Killed a fire dragon
 11332 | Lair:1   | Killed a five-headed hydra
 11781 | Lair:1   | Gained mutation: You passively map a small area around you. [potion of beneficial mutation]
 11782 | Lair:1   | Gained mutation: Your flesh is cold resistant. [potion of beneficial mutation]
 11954 | Lair:2   | Reached XP level 12. HP: 37/51 MP: 20/30
 11997 | Lair:2   | Reached skill level 1 in Ice Magic
 12360 | Lair:2   | Reached skill level 1 in Conjurations
 12411 | Lair:2   | Learned a level 3 spell: Conjure Flame
 12548 | Lair:2   | Slain by a blink frog

Action                   |  1- 3 |  4- 6 |  7- 9 | 10-12 || total
-------------------------+-------+-------+-------+-------++-------
Melee: Dagger            |    65 |    74 |   139 |   300 ||   578
 Cast: Ensorcelled Hiber |     3 |    13 |    30 |   101 ||   147
       Confuse           |       |     6 |    15 |     7 ||    28
       Dazzling Spray    |       |       |    10 |    21 ||    31
Evoke: Wand              |       |       |       |     1 ||     1
  Use: Scroll            |     5 |     7 |     8 |    14 ||    34
       Potion            |       |       |     2 |     2 ||     4
 Stab: Sleeping          |    16 |    19 |    43 |    84 ||   162
       Distracted        |     1 |       |       |     3 ||     4
       Confused          |       |     5 |    10 |     2 ||    17
       Invisible         |       |       |     2 |     9 ||    11
  Eat: Bread ration      |       |     1 |       |       ||     1
       Pizza             |       |       |       |     1 ||     1
       Fruit             |       |       |       |     7 ||     7
